 Dungeon Crawl Stone Soup version 0.26-a0-149-g49b1be5409 (webtiles) character file.

Game seed: 9955469715102123103

164809 Murumi the Peltast (level 18, -10/146 HPs)
             Began as a Formicid Fighter on June 29, 2020.
             Was a High Priest of Okawaru.
             Mangled by an emperor scorpion (25 damage)
             ... on level 4 of the Spider Nest on June 30, 2020.
             The game lasted 02:27:41 (35310 turns).

Murumi the Peltast (Formicid Fighter)              Turns: 35310, Time: 02:27:42

Health: -10/146    AC: 25    Str: 34    XL:     18   Next: 49%
Magic:  25/25      EV: 17    Int: 15    God:    Okawaru [*****.]
Gold:   4319       SH: 18    Dex: 16    Spells: 17/17 levels left

rFire    + . .     SeeInvis +   a - +8 scimitar of Nopp {vorpal, Str+5}
rCold    . . .     Faith    .   M - +0 kite shield
rNeg     . . .     Spirit   .   i - +1 plate armour
rPois    +         Reflect  .   (helmet unavailable)
rElec    .         Harm     .   u - +2 cloak {rCorr}
rCorr    +                      P - +0 pair of gloves of a Gauntlet {Str-2 Dex+6}
MR       ++...                  (no boots)
Stlth    ..........             I - amulet of Zuexinet {RegenMP +Fly rPois SInv}
HPRegen  0.34/turn              v - ring of protection from magic
MPRegen  0.44/turn              G - ring of Gozag's Whim {+Blink rF+ Str+6 Int+3}

@: heroism
A: permanent stasis, dig shafts and tunnels, four strong arms, antennae 3
a: Dig, Shaft Self, Heroism, Finesse, Renounce Religion, Evoke Flight


You were on level 4 of the Spider Nest.
You worshipped Okawaru.
Okawaru was extremely pleased with you.
You were not hungry.

You visited 5 branches of the dungeon, and saw 28 of its levels.
You visited the Abyss 1 time.
You also visited: Sewer and Gauntlet.

You collected 4319 gold pieces.

Inventory:

Hand Weapons
 a - the +8 scimitar of Nopp (weapon) {vorpal, Str+5}
   (You found it on level 3 of the Spider Nest)

   It inflicts extra damage upon your enemies.
   It affects your strength (+5).
 c - the +6 arbalest "Damnation" {damnation}
   (You acquired it on level 6 of the Lair of Beasts)
 f - a +0 arbalest
Missiles
 g - 283 bolts
Armour
 i - a +1 plate armour (worn)
 u - a +2 cloak of preservation (worn)
 M - a +0 kite shield (worn)
 P - the +0 pair of gloves of a Gauntlet (worn) {Str-2 Dex+6}
   (Okawaru gifted it to you on level 2 of the Orcish Mines)

   It affects your strength (-2).
   It affects your dexterity (+6).
Jewellery
 h - an uncursed amulet of regeneration
 k - an uncursed ring of positive energy
 n - an uncursed amulet of magic regeneration
 s - an uncursed amulet of guardian spirit
 v - a ring of protection from magic (left hand)
 C - a +6 ring of intelligence
 D - an uncursed ring of protection from fire
 G - the ring of Gozag's Whim (right hand) {+Blink rF+ Str+6 Int+3}
   (You found it in a Gauntlet)

   [ring of strength]

   It affects your strength (+6).
   It affects your intelligence (+3).
   It protects you from fire.
   It lets you blink.
 I - the amulet of Zuexinet (around neck) {RegenMP +Fly rPois SInv}
   (You found it on level 1 of the Spider Nest)

   [amulet of magic regeneration]

   It increases your magic regeneration.
   It protects you from poison.
   It lets you see invisible.
   It lets you fly.
 Q - an uncursed ring of protection from cold
 R - an amulet "Touterph" {Reflect rElec rF++ Str-4 Slay+2 SH+5}
   (You found it on level 12 of the Dungeon)

   [amulet of reflection]

   It shields you and reflects attacks.
   It affects your strength (-4).
   It affects your accuracy and damage with ranged weapons and melee attacks
   (+2).
   It greatly protects you from fire.
   It insulates you from electricity.
   It affects your SH (+5).
Wands
 r - a wand of acid (7)
 w - a wand of disintegration (30)
 y - a wand of polymorph (23)
 K - a wand of iceblast (21)
 L - a wand of flame (60)
 O - a wand of digging (3)
 V - a wand of clouds (6)
Scrolls
 d - 2 scrolls of fog
 o - 10 scrolls of enchant weapon
 q - 9 scrolls of remove curse
 x - 2 scrolls of fear
 z - 2 scrolls of enchant armour
 A - 5 scrolls of amnesia
 B - 3 scrolls of magic mapping
 H - 8 scrolls of identify
Potions
 b - 6 potions of magic
 j - 12 potions of curing
 m - 3 potions of might
 p - 7 potions of ambrosia
 t - 3 potions of invisibility
 E - 7 potions of flight
 F - 3 potions of brilliance
 S - 4 potions of mutation
 U - a potion of cancellation
Miscellaneous
 l - a tin of tremorstones (3/3)
 J - a box of beasts
 N - a phantom mirror
Comestibles
 e - 38 rations


   Skills:
 - Level 14.0(19.0) Fighting
 - Level 13.0(18.0) Long Blades
 - Level 13.0(18.0) Crossbows
 - Level 14.0(19.0) Armour
 + Level 6.9(11.9) Dodging
 - Level 16.0(21.0) Shields
 - Level 10.0 Invocations
 - Level 9.0 Evocations


You had 17 spell levels left.
You didn't know any spells.
Your spell library contained the following spells:

 Spells                   Type           Power        Failure   Level  Hunger
 Summon Butterflies       Summ           #.......     69%         1    ##.....
 Corpse Rot               Necr/Air       N/A          83%         2    ###....
 Sublimation of Blood     Necr           #.........   83%         2    ###....
 Call Canine Familiar     Summ           #.......     96%         3    ####...
 Confusing Touch          Hex            #.......     96%         3    ####...
 Gell's Gravitas          Tloc           #.........   96%         3    ####...
 Dispel Undead            Necr           #.......     100%        4    #####..
 Petrify                  Tmut/Erth      #.......     100%        4    #####..
 Summon Ice Beast         Ice/Summ       #.......     100%        4    #####..
 Agony                    Necr           #.......     100%        5    ######.
 Excruciating Wounds      Chrm/Necr      #.........   100%        5    ######.
 Metabolic Englaciation   Hex/Ice        #.........   100%        5    ######.
 Summon Mana Viper        Hex/Summ       #.......     100%        5    ######.
 Yara's Violent Unravell  Hex/Tmut       #.........   100%        5    ######.
 Summon Hydra             Summ           #.........   100%        7    #######


Dungeon Overview and Level Annotations

Branches:
Dungeon (15/15) Temple (1/1) D:5 Lair (6/6) D:8 Shoals (0/4) Lair:2 Spider (4/4) Lair:3 Slime (0/5) Lair:5 Orc (2/2) D:10 Elf (0/3) Orc:2 Vaults (0/5) D:13 D:14 Depths (0/5) D:15 Sewer (visited) Gauntlet (visited)

Altars:
Ashenzari
Cheibriados
Dithmenos
Elyvilon
Fedhas
Gozag
Hepliaklqana
Kikubaaqudgha
Makhleb
Nemelex Xobeh
Okawaru
Qazlal
Ru
Sif Muna
Trog
Uskayaw
Vehumet
Wu Jian
Xom
Yredelemnul
Zin
The Shining One
Beogh

Shops:
D:11 =   Orc:2 %[[:*

Portals:
Hell: Lair:6
Trove: D:14 (give 12 potions of heal wounds)

Annotations:
Spider:4 exclusion: 3 doors


Innate Abilities, Weirdness & Mutations

You cannot be hasted, slowed, berserked, paralysed or teleported.
You can dig through walls and to a lower floor.
Your four strong arms can wield two-handed weapons with a shield.
You have a pair of large antennae on your head. (SInv)


Message History

The emperor scorpion claws you!
* * * LOW HITPOINT WARNING * * *
You feel better.
You block the emperor scorpion's attack. x2
The emperor scorpion barely misses you.
You hit the emperor scorpion but do no damage.
The emperor scorpion is lightly wounded.
The emperor scorpion stings you!
* * * LOW HITPOINT WARNING * * *
You block the emperor scorpion's attack.
The emperor scorpion closely misses you.
You feel much better.
You block the emperor scorpion's attack.
The emperor scorpion claws you but does no damage. x2
The emperor scorpion stings you!!
* * * LOW HITPOINT WARNING * * *
The emperor scorpion closely misses you.
The emperor scorpion claws you but does no damage.
You feel better. The emperor scorpion stings you!!
You die...

##..# #..†#
#...##{ #.#..##
{ #..#..##
##y..#.^##
##{#.^....##
#s######...#
##@###...†.#
####.....######
#..#..####..##
#...........<###
###............#
#####....##...
###.###... ###
##.. ##..#


You could see an emperor scorpion (berserk).

Vanquished Creatures
  Arachne (Spider:4)
  Rupert (D:13)
  Asterion (Spider:1)
  Frances (Spider:1)
  Kirke (Spider:1)
  Roxanne (D:14)
  3 emperor scorpions
  The ghost of Cegacaint the Carver, a journeyman DsFi of Okawaru (Spider:3)
  The ghost of Evuhet the Fighter, a journeyman OgGl of Okawaru (D:12)
  An entropy weaver (Spider:2)
  Nessos (D:14)
  A spark wasp (Spider:4)
  A minotaur (Gauntlet)
  A dire elephant (D:15)
  An ettin (D:10)
  Snorg (D:14)
  Josephine (D:14)
  Erolcha (D:12)
  Harold (D:7)
  The ghost of Col Gaamnab the Destroyer, a journeyman DrCj of Vehumet (D:12)
  4 hydras
  An ice dragon (Lair:4)
  2 centaur warriors
  Erica (Lair:1)
  6 two-headed ogres
  A death knight (D:13)
  A thrashing horror (Abyss:1)
  An orc high priest (Orc:2)
  Urug (D:13)
  A fire crab (Lair:5)
  13 skeletal warriors
  Nergalle (Lair:2)
  Sonja (Lair:2)
  5 sixfirhies
  An unseen horror (shapeshifter) (D:12)
  2 unseen horrors
  2 wizards
  A lindwurm (Lair:6)
  2 orc knights
  12 orc sorcerers
  27 wolf spiders
  12 orb spiders
  A salamander (D:15)
  15 ugly things
  2 cyclopes
  A manticore (D:15)
  5 moths of wrath
  5 oklob plants
  6 elephants (Lair:6)
  2 black mambas
  Psyche (D:8)
  13 spiny frogs
  A kobold demonologist (D:11)
  7 rime drakes
  A gargoyle (D:15)
  A yaktaur (D:15)
  A freezing wraith (D:13)
  3 orange demons (Lair:6)
  2 spectral redbacks (Spider:3)
  6 komodo dragons
  2 ice devils (Lair:6)
  12 demonic crawlers
  A hellwing (Lair:6)
  3 meliai (D:14)
  A red devil (Lair:6)
  10 trolls
  33 jumping spiders
  4 hornets
  2 polar bears (Lair:6)
  15 blink frogs
  17 slime creatures
  2 wolf spider simulacra (Spider:3)
  5 dream sheep (Lair:6)
  A centaur simulacrum (D:14)
  12 hippogriffs
  61 redbacks
  44 yaks
  5 wraiths
  22 tarantellas
  2 vampires
  2 basilisks
  2 wyverns
  A fire elemental (D:14)
  4 hungry ghosts
  16 humans
  3 vampire mosquitoes
  10 wargs
  4 insubstantial wisps (Abyss:1)
  10 water moccasins
  2 spectral orb spiders (Spider:3)
  3 acid dragons
  3 swamp worms (Lair:2)
  10 porcupines
  A black bear (shapeshifter) (D:15)
  3 hell hounds (Lair:6)
  6 sky beasts
  4 black bears
  26 orc warriors
  2 tarantella simulacra (Spider:3)
  3 ice beasts
  4 eyes of draining
  2 necrophages
  7 wolves
  9 ogres
  11 crocodiles
  19 centaurs
  6 big kobolds
  18 bullfrogs
  An orb spider simulacrum (Spider:3)
  5 scorpions
  10 wights
  An electric eel (Lair:4)
  8 howler monkeys
  9 crimson imps
  3 bullfrog zombies
  5 centaur zombies
  23 orc priests
  37 orc wizards
  Crazy Yiuf (D:5)
  9 centaur skeletons
  3 hounds
  4 jellies
  A gnoll shaman (D:6)
  2 iguanas
  8 worker ants
  A howler monkey zombie (D:9)
  A worker ant zombie (D:11)
  2 howler monkey skeletons
  16 adders
  8 gnolls
  3 river rats
  A shadow imp (D:7)
  3 white imps (Lair:4)
  2 ufetubi (Gauntlet)
  4 oozes
  An adder skeleton (D:5)
  2 adder zombies (D:7)
  7 worms
  4 dart slugs
  5 leopard geckos
  103 orcs
  7 bats
  A giant cockroach (D:5)
  6 goblins (D:1)
  6 hobgoblins
  12 jackals
  4 quokkas
  6 ball pythons
  5 frilled lizards
  17 kobolds
  A leopard gecko skeleton (D:4)
  10 rats
  A fungus (D:5)
  A plant (D:2)
1008 creatures vanquished.

Vanquished Creatures (others)
  A spectral wolf spider (Spider:3)
  3 humans (Spider:1)
  A crimson imp (D:13)
  2 orcs
  7 fungi
  11 plants
25 creatures vanquished.

Grand Total: 1033 creatures vanquished

Notes
Turn   | Place    | Note
-------+----------+-------------------------------------------
     0 | D:1      | Murumi the Formicid Fighter began the quest for the Orb.
     0 | D:1      | Reached XP level 1. HP: 18/18 MP: 1/1
    13 | D:1      | Reached skill level 1 in Dodging
   177 | D:1      | Reached XP level 2. HP: 24/24 MP: 2/2
   180 | D:1      | Reached skill level 4 in Shields
   480 | D:1      | Reached XP level 3. HP: 29/29 MP: 3/3
   510 | D:1      | Upgraded the game from 0.26-a0-146-g24f6d3962c to
                  | 0.26-a0-149-g49b1be5409
  1070 | D:2      | Reached XP level 4. HP: 33/37 MP: 4/4
  2409 | D:4      | Reached XP level 5. HP: 42/42 MP: 5/5
  2440 | D:4      | Noticed an ogre
  2454 | D:4      | Killed an ogre
  2454 | D:4      | Reached skill level 5 in Shields
  2454 | D:4      | Reached XP level 6. HP: 34/48 MP: 6/6
  2549 | D:4      | Found a glowing silver altar of Zin.
  2576 | D:4      | Reached skill level 5 in Fighting
  2718 | D:4      | Reached skill level 1 in Evocations
  2840 | D:4      | Noticed an ogre
  2849 | D:4      | Killed an ogre
  2849 | D:4      | Reached XP level 7. HP: 9/56 MP: 7/7
  2935 | D:4      | Found a shattered altar of Ashenzari.
  3215 | D:5      | Entered Level 5 of the Dungeon
  3312 | D:5      | Found a blossoming altar of Fedhas.
  3313 | D:5      | Found an ancient bone altar of Kikubaaqudgha.
  3317 | D:5      | Reached skill level 5 in Armour
  3376 | D:5      | Reached skill level 6 in Shields
  3458 | D:5      | Identified a scroll of acquirement
  3579 | D:5      | Found a glowing drain.
  3583 | Sewer    | Entered a sewer
  3650 | Sewer    | Reached XP level 8. HP: 62/62 MP: 8/8
  3660 | Sewer    | Reached skill level 7 in Shields
  4138 | D:5      | Found a radiant altar of Vehumet.
  4185 | D:5      | Found a staircase to the Ecumenical Temple.
  4194 | Temple   | Entered the Ecumenical Temple
  4655 | D:5      | Found a runed translucent door.
  4656 | D:5      | Noticed Crazy Yiuf
  4665 | D:5      | Killed Crazy Yiuf
  4823 | D:6      | Reached skill level 5 in Long Blades
  5076 | D:6      | Reached XP level 9. HP: 69/69 MP: 9/9
  5094 | D:6      | Reached skill level 8 in Shields
  5431 | D:6      | Found a basalt altar of Yredelemnul.
  5921 | D:7      | Noticed Harold
  5961 | D:7      | Killed Harold
  5961 | D:7      | Reached skill level 9 in Shields
  5961 | D:7      | Reached XP level 10. HP: 36/80 MP: 10/10
  6446 | D:7      | Found a hazy altar of Hepliaklqana.
  6447 | D:7      | Found a shimmering altar of Xom.
  6448 | D:7      | Noticed a spectral ugly thing
  6805 | D:8      | Found a staircase to the Lair.
  6953 | D:8      | Noticed Psyche
  6956 | D:8      | Cast into level 1 of the Abyss (Psyche)
  6999 | Abyss:1  | Noticed an orc sorcerer
  7013 | Abyss:1  | Killed an orc sorcerer
  7067 | Abyss:1  | Noticed a thrashing horror
  7082 | Abyss:1  | Killed a thrashing horror
  7089 | Abyss:1  | Noticed a sun demon
  7101 | D:8      | Escaped the Abyss
  7111 | D:8      | Killed Psyche
  7111 | D:8      | Reached skill level 10 in Shields
  7111 | D:8      | Reached XP level 11. HP: 11/89 MP: 11/11
  8124 | D:9      | Reached skill level 5 in Evocations
  8231 | D:9      | Found an iron altar of Okawaru.
  8258 | D:9      | Became a worshipper of Warmaster Okawaru
  8340 | D:9      | Found a hide-covered altar of Uskayaw.
  8747 | D:10     | Entered Level 10 of the Dungeon
  8871 | D:10     | Found a staircase to the Orcish Mines.
  8894 | D:10     | Noticed a skeletal warrior
  8895 | D:10     | Noticed a skeletal warrior
  8895 | D:10     | Noticed a skeletal warrior
  8896 | D:10     | Noticed a skeletal warrior
  8927 | D:10     | Killed a skeletal warrior
  8927 | D:10     | Reached skill level 10 in Fighting
  8942 | D:10     | Killed a skeletal warrior
  8942 | D:10     | Reached * piety under Okawaru
  8962 | D:10     | Killed a skeletal warrior
  8962 | D:10     | Reached skill level 5 in Invocations
  8971 | D:10     | Killed a skeletal warrior
  9218 | D:10     | Reached ** piety under Okawaru
  9218 | D:10     | Reached XP level 12. HP: 95/97 MP: 16/16
  9589 | Lair:1   | Entered Level 1 of the Lair of Beasts
  9620 | Lair:1   | Reached skill level 10 in Armour
 10278 | Lair:1   | Reached skill level 11 in Shields
 10449 | Lair:1   | Reached *** piety under Okawaru
 10745 | Lair:2   | Noticed Erica
 10763 | Lair:1   | Killed Erica
 10807 | Lair:2   | Found a gate leading to a gauntlet.
 10813 | Lair:2   | Noticed Nergalle
 10816 | Gauntlet | Entered a Gauntlet
 10816 | Gauntlet | Found a transporter.
 10816 | Gauntlet | Found a transporter.
 10844 | Gauntlet | Found a transporter.
 10844 | Gauntlet | Found a transporter.
 10845 | Gauntlet | Noticed a wizard
 10853 | Gauntlet | Found a transporter.
 10876 | Gauntlet | Found a transporter.
 10878 | Gauntlet | Found a large runed translucent door.
 10879 | Gauntlet | Found a large runed translucent door.
 10880 | Gauntlet | Found a large runed translucent door.
 10880 | Gauntlet | Found a large runed translucent door.
 10881 | Gauntlet | Found a transporter.
 10882 | Gauntlet | Found a runed translucent gate.
 10882 | Gauntlet | Noticed a sixfirhy
 10883 | Gauntlet | Found a transporter.
 10883 | Gauntlet | Found a transporter.
 10883 | Gauntlet | Found a runed translucent gate.
 10883 | Gauntlet | Noticed a cacodemon
 10884 | Gauntlet | Noticed a sixfirhy
 10889 | Gauntlet | Found a runed translucent gate.
 10891 | Gauntlet | Found a large runed translucent door.
 10892 | Gauntlet | Found a large runed translucent door.
 10892 | Gauntlet | Noticed a sixfirhy
 10896 | Gauntlet | Found a large runed translucent door.
 10897 | Gauntlet | Found a large runed translucent door.
 10903 | Gauntlet | Found a large runed translucent door.
 10903 | Gauntlet | Found a large runed translucent door.
 10903 | Gauntlet | Found a runed translucent door.
 10903 | Gauntlet | Found a runed translucent door.
 10904 | Gauntlet | Found a large runed translucent door.
 10905 | Gauntlet | Found a large runed translucent door.
 10907 | Gauntlet | Found a transporter.
 10924 | Gauntlet | Noticed a sixfirhy
 10925 | Gauntlet | Found a transporter.
 10971 | Gauntlet | Found a transporter.
 10985 | Gauntlet | Found a transporter.
 10998 | Gauntlet | Found a transporter.
 11085 | Gauntlet | Found a transporter.
 11099 | Gauntlet | Found a transporter.
 11116 | Gauntlet | Found a large runed translucent door.
 11116 | Gauntlet | Found a large runed translucent door.
 11117 | Gauntlet | Found a large runed translucent door.
 11118 | Gauntlet | Found a large runed translucent door.
 11196 | Gauntlet | Killed a sixfirhy
 11335 | Gauntlet | Killed a sixfirhy
 11335 | Gauntlet | Reached **** piety under Okawaru
 11341 | Gauntlet | Killed a sixfirhy
 11341 | Gauntlet | Reached skill level 12 in Shields
 11341 | Gauntlet | Reached skill level 1 in Crossbows
 11345 | Gauntlet | Killed a sixfirhy
 11375 | Gauntlet | Got a shimmering bronze ring
 11377 | Gauntlet | Identified the ring of Gozag's Whim {+Blink rF+ Str+6
                  | Int+3} (You found it in a Gauntlet)
 11391 | Gauntlet | Noticed a minotaur
 11408 | Gauntlet | Killed a minotaur
 11490 | Lair:2   | Killed Nergalle
 11522 | Lair:2   | Reached XP level 13. HP: 101/103 MP: 18/18
 11529 | Lair:2   | Received a gift from Okawaru
 11569 | Lair:2   | Reached skill level 5 in Crossbows
 11676 | Lair:2   | Noticed Sonja
 11682 | Lair:2   | Reached ***** piety under Okawaru
 11690 | Lair:2   | Killed Sonja
 11975 | Lair:2   | Found a staircase to the Shoals.
 12533 | Lair:3   | Received a gift from Okawaru
 12558 | Lair:3   | Received a gift from Okawaru
 12710 | Lair:3   | Found a hole to the Spider Nest.
 13010 | Lair:3   | Noticed an eight-headed hydra
 13013 | Lair:3   | Killed an eight-headed hydra
 13394 | Lair:4   | Received a gift from Okawaru
 13694 | Lair:4   | Noticed an ice dragon
 13709 | Lair:4   | Killed an ice dragon
 14344 | Lair:4   | Received a gift from Okawaru
 14604 | Lair:5   | Found a staircase to the Slime Pits.
 14619 | Lair:5   | Reached XP level 14. HP: 113/113 MP: 19/19
 14658 | Lair:5   | Reached skill level 10 in Long Blades
 15160 | Lair:5   | Reached skill level 10 in Crossbows
 15627 | Lair:6   | Entered Level 6 of the Lair of Beasts
 15764 | Lair:6   | Reached skill level 5 in Dodging
 16023 | Lair:6   | Received a gift from Okawaru
 16116 | Lair:6   | Received a gift from Okawaru
 16215 | Lair:6   | Reached ****** piety under Okawaru
 16299 | Lair:6   | Found a burning altar of Makhleb.
 16449 | Lair:6   | Found a gateway to Hell.
 16556 | Lair:6   | Reached skill level 13 in Shields
 16652 | Lair:6   | Received a gift from Okawaru
 16877 | Lair:6   | Reached XP level 15. HP: 94/120 MP: 21/21
 17330 | Lair:6   | Found the +6 arbalest "Damnation" {damnation}
 17330 | Lair:6   | Got the +6 arbalest "Damnation" {damnation}
 17755 | Orc:1    | Entered Level 1 of the Orcish Mines
 17755 | Orc:1    | Found a roughly hewn altar of Beogh.
 17941 | D:10     | HP: 5/120 [ettin/+0 dire flail (36)]
 18227 | Orc:1    | Found a roughly hewn altar of Beogh.
 18562 | Orc:2    | Entered Level 2 of the Orcish Mines
 18708 | Orc:2    | Received a gift from Okawaru
 18739 | Orc:2    | Received a gift from Okawaru
 18740 | Orc:2    | Identified the +0 pair of gloves of a Gauntlet {Str-2
                  | Dex+6} (Okawaru gifted it to you on level 2 of the Orcish
                  | Mines)
 18833 | Orc:2    | Found Laucet's General Store.
 18833 | Orc:2    | Found Gefeboj's Book Emporium.
 18856 | Orc:2    | Found Zuixtiwi's Armour Emporium.
 18989 | Orc:2    | Found a staircase to the Elven Halls.
 19224 | Orc:2    | Found Awusk's Food Emporium.
 19224 | Orc:2    | Found Eduqu's Armour Shop.
 19241 | Orc:2    | Found a roughly hewn altar of Beogh.
 20000 | D:11     | You fall into a shaft and drop 1 floor!
 20212 | D:12     | Found a runed translucent gate.
 20212 | D:12     | Found a runed translucent gate.
 20212 | D:12     | Found a runed translucent gate.
 20213 | D:12     | Noticed Evuhet's ghost (journeyman OgGl)
 20213 | D:12     | Noticed Col Gaamnab's ghost (journeyman DrCj)
 20245 | D:12     | Killed Evuhet's ghost
 20265 | D:12     | Killed Col Gaamnab's ghost
 20273 | D:12     | Reached skill level 14 in Shields
 20768 | D:11     | Found Futhraff's Jewellery Shoppe.
 21351 | D:12     | Noticed Erolcha
 21375 | D:12     | Killed Erolcha
 21757 | D:12     | Got an ancient bone amulet
 21758 | D:12     | Identified an amulet "Touterph" {Reflect rElec rF++ Str-4
                  | Slay+2 SH+5} (You found it on level 12 of the Dungeon)
 22788 | D:13     | Reached XP level 16. HP: 85/127 MP: 22/22
 23040 | D:13     | Received a gift from Okawaru
 23078 | D:13     | Received a gift from Okawaru
 24166 | D:14     | Found a gate to the Vaults.
 24166 | D:14     | Noticed Nessos
 24166 | D:14     | Noticed Urug
 24394 | D:14     | Noticed Rupert
 24394 | D:14     | Noticed Josephine
 24411 | D:13     | Killed Rupert
 24949 | D:14     | Killed Nessos
 24958 | D:14     | Killed Josephine
 24958 | D:14     | Reached skill level 15 in Shields
 25000 | D:13     | Killed Urug
 25349 | D:14     | Received a gift from Okawaru
 25566 | D:14     | Identified Roxanne's Collected Works on Moulding
 25566 | D:14     | Noticed Roxanne
 25596 | D:14     | Killed Roxanne
 25704 | D:14     | Received a gift from Okawaru
 25950 | D:14     | Noticed Snorg
 25956 | D:14     | Killed Snorg
 26025 | D:14     | Found a portal to a secret trove of treasure.
 26180 | D:15     | Entered Level 15 of the Dungeon
 26275 | D:15     | Received a gift from Okawaru
 26818 | D:15     | Reached XP level 17. HP: 132/136 MP: 23/23
 27169 | D:15     | Identified the cursed -5 kite shield of Fanaticism {+Fly}
                  | (You found it on level 15 of the Dungeon)
 27197 | D:15     | Found a shimmering blue altar of Sif Muna.
 27376 | D:15     | Received a gift from Okawaru
 27739 | D:15     | Found a staircase to the Depths.
 28134 | Spider:1 | Entered Level 1 of the Spider Nest
 28184 | Spider:1 | Noticed Kirke
 28203 | Spider:1 | Killed Kirke
 28230 | Spider:1 | Got a crude iron amulet
 28231 | Spider:1 | Identified the amulet of Zuexinet {RegenMP +Fly rPois SInv}
                  | (You found it on level 1 of the Spider Nest)
 28237 | Spider:1 | Noticed Asterion
 28241 | Spider:1 | Received a gift from Okawaru
 28279 | Spider:1 | Killed Asterion
 28279 | Spider:1 | Reached skill level 10 in Invocations
 28813 | Spider:1 | Received a gift from Okawaru
 28846 | Spider:1 | Noticed Frances
 29508 | Spider:1 | Killed Frances
 30099 | Spider:2 | Received a gift from Okawaru
 30448 | Spider:2 | Received a gift from Okawaru
 32096 | Spider:3 | Reached skill level 16 in Shields
 32649 | Spider:3 | Reached XP level 18. HP: 104/146 MP: 25/25
 32877 | Spider:3 | Got an ancient scimitar
 32878 | Spider:3 | Identified the +8 scimitar of Nopp {vorpal, Str+5} (You
                  | found it on level 3 of the Spider Nest)
 33084 | Spider:3 | Found a runed translucent gate.
 33084 | Spider:3 | Found a runed translucent gate.
 33084 | Spider:3 | Found a runed translucent gate.
 33085 | Spider:3 | Noticed Cegacaint's ghost (journeyman DsFi)
 33118 | Spider:3 | Killed Cegacaint's ghost
 33591 | Spider:4 | Entered Level 4 of the Spider Nest
 34482 | Spider:4 | Received a gift from Okawaru
 34981 | Spider:4 | Noticed Arachne
 35018 | Spider:4 | Killed Arachne
 35018 | Spider:4 | Received a gift from Okawaru
 35306 | Spider:4 | HP: 4/146 [emperor scorpion (8)]
 35308 | Spider:4 | HP: 1/146 [emperor scorpion (9)]
 35310 | Spider:4 | Mangled by an emperor scorpion

Illustrated notes

Levels and vault maps discovered:
D:1:      minmay_arrival_four_circles, layout_loops_ring, minmay_misc_feat_tiny,
          minmay_tetromino_o2
D:2:      layout_basic, serial_forest, infiniplex_forest_clump_diagonal,
          infiniplex_forest_clump_medium, infiniplex_forest_lined_3,
          infiniplex_forest_end_2, minivault_19, item_on_display_b
D:3:      layout_rooms, chequers_serial_rivers_micro_e
D:4:      layout_rooms, kennysheep_little_box, marbit_many_paths, first_ration,
          kennysheep_generic_room_14
D:5:      layout_basic, grunt_temple_overflow_growth_and_decay,
          fiery_altar_vehumet, lemuel_temple_firewalk_b, gup_sewer_entry_spiral,
          uniq_crazy_yiuf_cottage
D:6:      layout_loops_ring, nicolae_overflow_hidden_temple
D:7:      layout_basic, regret_index_temple_of_mockery, uniq_harold
D:8:      layout_loops_cross, lair_entry_dummy, uniq_psyche
D:9:      layout_irregular_city, okawaru_ov_weapons_minmay, basic_altar
D:10:     layout_loops_cross, orc_0_dummy
D:11:     layout_loops_corners, serial_shops, shop
D:12:     layout_long_grid, gammafunk_ghost_cemetery, uniq_erolcha
D:13:     layout_cave_pools, grunt_pizzeria
D:14:     layout_big_octagon, david_vaults_3, hangedman_glass_teeth,
          nicolae_trove_entry_diagonal, uniq_rupert, uniq_snorg, uniq_roxanne,
          uniq_josephine
D:15:     hangedman_depths_entry_try_elsewhere_first, layout_loops_ring,
          lemuel_crystal_altar, minmay_liquid_box
Temple:   nicolae_temple_figure_eight
Lair:1:   layout_cave_pods
Lair:2:   layout_loops_ring, shoals_dummy_entry, gauntlet_entry_generic,
          worms_lemuel, lemuel_fruit_fields, lemuel_fruit_fields, uniq_nergalle,
          uniq_erica, uniq_sonja
Lair:3:   layout_cave_shapes, nicolae_spider_entry_tight_spaces,
          grunt_megastairs_3, lemuel_fruit_tree
Lair:4:   layout_gridlike, chequers_serial_rivers_micro_c,
          bobbens_ice_dragon_lair, minmay_lair_oklob_chamber,
          grunt_megastairs_1, lemuel_fruit_fields
Lair:5:   layout_regular_city, minmay_slime_entry_pillars,
          hangedman_lair_unloving_vines, grunt_megastairs_2,
          serial_bayou_shore_a, infiniplex_staircase_pool
Lair:6:   evil_forest, layout_cave_pods
Spider:1: layout_spider_delve, uniq_frances, uniq_kirke, uniq_asterion
Spider:2: layout_spider_delve
Spider:3: layout_spider_delve, gammafunk_ghost_necromancy
Spider:4: johnstein_spider_rune_arachne_lair
Orc:1:    layout_diamond_mine, basic_altar, minmay_orc_temple_b
Orc:2:    st_orc_town, layout_caves, serial_shops, shop_coins

Skill      XL: |  1  2  3  4  5  6  7  8  9 10 11 12 13 14 15 16 17 18 |
---------------+-------------------------------------------------------+-----
Dodging        | 1 2 3 4 5 6 |  6.9
Shields        | 4 5 6 7 9 10 12 13 14 15 16 | 16.0
Long Blades    | 3 4 5 6 7 9 10 11 12 13 | 13.0
Fighting       | 4 5 6 8 9 10 11 12 13 14 | 14.0
Armour         | 4 5 6 8 9 10 11 12 13 14 | 14.0
Evocations     | 2 3 4 5 6 7 8 9 |  9.0
Invocations    | 6 7 8 9 10 | 10.0
Crossbows      | 4 9 10 11 12 13 | 13.0

Action                   |  1- 3 |  4- 6 |  7- 9 | 10-12 | 13-15 | 16-18 || total
-------------------------+-------+-------+-------+-------+-------+-------++-------
Melee: Long sword        |    92 |   163 |   489 |   652 |       |       ||  1396
       Scimitar          |       |       |       |    78 |   729 |   239 ||  1046
       Great sword       |       |       |       |       |   260 |   451 ||   711
       Demon blade       |       |       |       |       |       |   409 ||   409
       Unarmed           |       |       |       |       |       |     1 ||     1
 Fire: Arbalest          |       |       |       |       |   364 |   371 ||   735
Invok: Heroism           |       |       |       |     6 |     9 |    11 ||    26
       Finesse           |       |       |       |       |     6 |     5 ||    11
 Abil: Dig               |     1 |     2 |     4 |     3 |    11 |    15 ||    36
Evoke: Wand              |       |     1 |     1 |       |       |       ||     2
  Use: Scroll            |     7 |     7 |     5 |    10 |    13 |     8 ||    50
       Potion            |       |     1 |     2 |     2 |     6 |     4 ||    15
 Stab: Held in net/web   |       |       |       |       |       |     2 ||     2
  Eat: Chunk             |     1 |     6 |    12 |    20 |    34 |    21 ||    94
       Ration            |       |       |       |     1 |     2 |     7 ||    10
Armor: Scale mail        |    30 |       |       |       |       |       ||    30
       Plate armour      |     7 |    65 |   275 |   293 |   377 |   502 ||  1519
Dodge: Dodged            |    24 |    24 |   114 |   160 |   276 |   452 ||  1050
Block: Kite shield       |    41 |    69 |   263 |   324 |   672 |   933 ||  2302
       Reflection        |       |       |       |       |     7 |    29 ||    36
       Rpst.: Long sword |     8 |     7 |    30 |    37 |       |       ||    82
       Scimitar          |       |       |       |     7 |    27 |    14 ||    48
       Great sword       |       |       |       |       |    27 |    48 ||    75
       Demon blade       |       |       |       |       |       |    18 ||    18

Table legend:
 A = Non-vault XP
 B = Vault XP
 C = Vault XP percentage of total XP
 D = Non-vault monster count
 E = Vault monster count
 F = Vault count percentage of total count
                 A         B        C        D         E       F
            +---------+---------+-------+---------+---------+-------
      Total |  158112 |   77330 |  32.8 |     764 |     243 |  24.1
            +---------+---------+-------+---------+---------+-------
        D:1 |      54 |       2 |   3.6 |      28 |       1 |   3.4
        D:2 |      50 |       0 |   0.0 |      15 |       0 |   0.0
        D:3 |      31 |       0 |   0.0 |      10 |       0 |   0.0
        D:4 |     483 |       0 |   0.0 |      18 |       0 |   0.0
        D:5 |     333 |      86 |  20.5 |      14 |       7 |  33.3
        D:6 |    1389 |       0 |   0.0 |      31 |       0 |   0.0
        D:7 |    1317 |     987 |  42.8 |      31 |       1 |   3.1
        D:8 |    1997 |     424 |  17.5 |      20 |       1 |   4.8
        D:9 |    2233 |       0 |   0.0 |      22 |       0 |   0.0
       D:10 |    7033 |       0 |   0.0 |      27 |       0 |   0.0
       D:11 |    5981 |       0 |   0.0 |      37 |       0 |   0.0
       D:12 |    5011 |    3487 |  41.0 |      28 |       3 |   9.7
       D:13 |   20350 |    6620 |  24.5 |      68 |      17 |  20.0
       D:14 |    6571 |    7499 |  53.3 |      28 |      12 |  30.0
       D:15 |    9989 |    2303 |  18.7 |      28 |       3 |   9.7
     Lair:1 |    3472 |     934 |  21.2 |      14 |       1 |   6.7
     Lair:2 |    5453 |    2045 |  27.3 |      28 |       5 |  15.2
     Lair:3 |    4194 |    1881 |  31.0 |      20 |       8 |  28.6
     Lair:4 |    2035 |    4314 |  67.9 |      12 |      13 |  52.0
     Lair:5 |    3551 |    3092 |  46.5 |      10 |      15 |  60.0
     Lair:6 |   12462 |    9196 |  42.5 |      39 |      26 |  40.0
   Spider:1 |   11490 |    6738 |  37.0 |      35 |       3 |   7.9
   Spider:2 |   16209 |       0 |   0.0 |      40 |       0 |   0.0
   Spider:3 |   18679 |    4001 |  17.6 |      50 |      11 |  18.0
   Spider:4 |    8175 |   11522 |  58.5 |      29 |      18 |  38.3
      Orc:1 |    3522 |     234 |   6.2 |      29 |      12 |  29.3
      Orc:2 |    4177 |    6640 |  61.4 |      47 |      56 |  54.4
    Abyss:1 |    1871 |       0 |   0.0 |       6 |       0 |   0.0
      Sewer |       0 |     350 | 100.0 |       0 |      21 | 100.0
   Gauntlet |       0 |    4975 | 100.0 |       0 |       9 | 100.0
            +---------+---------+-------+---------+---------+-------
